 Dungeon Sprint DCSS version 0.21-a0-286-g6fcecc0 (webtiles) character file.

3641 potatolord6000 the Thaumaturge (level 9, -24/45 HPs)
             Began as a Deep Elf Conjurer on Sept 27, 2017.
             Was a High Priest of Sif Muna.
             Annihilated by a phantasmal warrior (30 damage)
             ... in the Dungeon (Sprint VII: "The Pits").
             The game lasted 00:12:23 (1551 turns).

potatolord6000 the Thaumaturge (Deep Elf Conjurer)  Turns: 1551, Time: 00:12:24

Health: -24/45     AC:  3    Str:  5    XL:     9   Next: 88%
Magic:  1/28       EV: 21    Int: 30    God:    Sif Muna [*****.]
Gold:   0          SH:  0    Dex: 15    Spells: 8/34 levels left

rFire    . . .     SeeInvis .   j - staff of energy
rCold    . . .     Gourm    .   (no shield)
rNeg     . . .     Faith    .   a - +0 robe
rPois    .         Spirit   .   (no helmet)
rElec    .         Reflect  .   (no cloak)
rCorr    .         Harm     .   v - +0 pair of gloves
MR       .....     NoTele   +   (no boots)
Stlth    ++........             (no amulet)
HPRegen  0.15/turn              r - +3 ring of intelligence
MPRegen  0.21/turn              s - +3 ring of intelligence

@: slowed, very slow
A: no striking features
a: Divine Energy, Channel Magic, Forget Spell, Renounce Religion


You were in the Dungeon.
You worshipped Sif Muna.
Sif Muna was extremely pleased with you.
You were very full.

You visited 1 branch

Inventory:

Armour
 a - a +0 robe (worn)
 v - a +0 pair of gloves (worn)
Magical Staves
 j - an uncursed staff of energy (weapon)
Jewellery
 r - a +3 ring of intelligence (left hand)
 s - a +3 ring of intelligence (right hand)
Scrolls
 k - 3 scrolls of remove curse
 l - 3 scrolls of amnesia
Potions
 d - 6 potions of curing
 e - 7 potions of heal wounds
 g - 2 potions of magic
 h - 4 potions of berserk rage
 n - 2 potions of invisibility
 t - a potion of brilliance
 u - a potion of resistance
Books
 f - Sif Muna's Papyrus of Good Luck and the Glacier
   (Sif Muna gifted it to you in the Dungeon)

   Spells                             Type                      Level
   a - Spectral Weapon                Hexes/Charms                 3
   b - Throw Icicle                   Conjuration/Ice              4
   c - Excruciating Wounds            Charms/Necromancy            5
   d - Iskenderun's Battlesphere      Conjuration/Charms           5
   e - Ozocubu's Refrigeration        Ice                          6
   f - Glaciate                       Conjuration/Ice              9
Comestibles
 c - 8 bread rations
 o - 40 fruits
 p - 3 meat rations


   Skills:
 + Level 10.3 Staves
 + Level 12.4 Dodging
 - Level 2.4 Stealth
 + Level 13.4 Spellcasting
 + Level 12.0 Conjurations
 + Level 11.3 Evocations


You had 8 spell levels left.
You knew the following spells:

 Your Spells              Type           Power        Failure   Level  Hunger
a - Iskenderun's Mystic   Conj           #######.     1%          4    None
b - Searing Ray           Conj           ######       1%          2    None
c - Force Lance           Conj/Tloc      ######..     1%          4    None
d - Throw Icicle          Conj/Ice       ######..     1%          4    None
e - Spellforged Servitor  Conj/Summ      ######....   87%         7    None
f - Iskenderun's Battles  Conj/Chrm      ######..     6%          5    None


Dungeon Overview and Level Annotations

Branches:
Dungeon (1/1)

Altars:
Ashenzari
Cheibriados
Dithmenos
Elyvilon
Fedhas
Gozag
Hepliaklqana
Kikubaaqudgha
Makhleb
Nemelex Xobeh
Okawaru
Qazlal
Ru
Sif Muna
Trog
Uskayaw
Vehumet
Wu Jian
Xom
Yredelemnul
Zin
The Shining One
Beogh
Jiyva
Lugonu


Message History

Your battlesphere fires!
The barrage of energy hits something.
Your battlesphere expends the last of its energy and dissipates.
The searing ray hits the phantasmal warrior.
The phantasmal warrior is heavily damaged.
The phantasmal warrior blinks!
Something hits you! Something drains your vigour!
You feel yourself slow down.
Deactivating autopickup; reactivate with Ctrl-A.
The phantasmal warrior hits you! Something hits you.
* * * LOW HITPOINT WARNING * * *
The phantasmal warrior closely misses you.
Okay, then.
You feel much better. Something hits you!!
Ouch! That really hurt!
* * * LOW HITPOINT WARNING * * *
Something drains your vigour!
You feel as though you will be slow longer.
The phantasmal warrior hits you!!
Ouch! That really hurt!
You die...

#.......##...##
#...<...###...##+##.
#.......# ##[†......
#.......###†.###+###
#.......##.:##.....#
##########..(......
##########(.##..... #
...#..[[###..###W###...#
...#..[.# ##....@§....#
...'..))# #...##'##..##
...#.!))##...##... .#
...#.!))##..###...#
############ #####


You could see a phantasmal warrior.

Vanquished Creatures
  A sea snake (D)
  An unseen horror (D)
  A yaktaur (D)
  5 blink frogs (D)
  2 redbacks (D)
  A wyvern (D)
  A fire elemental (D)
  A hungry ghost (D)
  A floating eye (D)
  An orc warrior (D)
  2 ice beasts (D)
  An ogre (D)
  A gnoll sergeant (D)
  An iron imp (D)
  Ijyb (D)
  3 gnolls (D)
  2 ufetubi (D)
  2 oozes (D)
  A leopard gecko (D)
  An orc (D)
  2 bat skeletons (D)
  A goblin (D)
  3 jackals (D)
  A ball python (D)
  A bat (D)
  A frilled lizard (D)
  A leopard gecko skeleton (D)
40 creatures vanquished.

Vanquished Creatures (collateral kills)
  An orc knight (D)
  An adder zombie (D)
  An orc (D)
3 creatures vanquished.

Grand Total: 43 creatures vanquished

Notes
Turn   | Place    | Note
-------+----------+-------------------------------------------
     0 | D        | potatolord6000 the Deep Elf Conjurer began the quest for the Orb.
     0 | D        | Reached XP level 1. HP: 10/10 MP: 6/6
    11 | D        | Noticed a floating eye
    16 | D        | Found a bloodstained altar of Trog.
    16 | D        | Found a deep blue altar of Sif Muna.
    16 | D        | Found a viscous altar of Jiyva.
    16 | D        | Found a hazy altar of Hepliaklqana.
    16 | D        | Found an opulent altar of Gozag.
    17 | D        | Found a glowing golden altar of the Shining One.
    17 | D        | Found a glowing silver altar of Zin.
    17 | D        | Found a basalt altar of Yredelemnul.
    17 | D        | Found a shimmering altar of Xom.
    17 | D        | Found an ornate altar of the Wu Jian Council.
    17 | D        | Found a sacrificial altar of Ru.
    17 | D        | Found a stormy altar of Qazlal.
    17 | D        | Found an iron altar of Okawaru.
    17 | D        | Found a sparkling altar of Nemelex Xobeh.
    17 | D        | Found a burning altar of Makhleb.
    17 | D        | Found a blossoming altar of Fedhas.
    17 | D        | Found a white marble altar of Elyvilon.
    17 | D        | Found a shadowy altar of Dithmenos.
    17 | D        | Found a snail-covered altar of Cheibriados.
    17 | D        | Paralysed by a floating eye for 2 turns
    21 | D        | Found a corrupted altar of Lugonu.
    21 | D        | Found a radiant altar of Vehumet.
    21 | D        | Found a roughly hewn altar of Beogh.
    22 | D        | Found an ancient bone altar of Kikubaaqudgha.
    22 | D        | Found a hide-covered altar of Uskayaw.
    22 | D        | Found a shattered altar of Ashenzari.
    23 | D        | Became a worshipper of Sif Muna the Loreminder
    23 | D        | Paralysed by a floating eye for 4 turns
    30 | D        | Paralysed by a floating eye for 2 turns
    37 | D        | Paralysed by a floating eye for 3 turns
    45 | D        | Paralysed by a floating eye for 4 turns
    51 | D        | Paralysed by a floating eye for 3 turns
    56 | D        | Killed a floating eye
    56 | D        | Reached * piety under Sif Muna
    56 | D        | Reached skill level 5 in Dodging
    56 | D        | Reached skill level 6 in Spellcasting
    56 | D        | Reached XP level 2. HP: 15/15 MP: 0/11
    56 | D        | Reached XP level 3. HP: 19/19 MP: 0/12
    56 | D        | Reached XP level 4. HP: 24/24 MP: 0/14
   160 | D        | Learned a level 4 spell: Iskenderun's Mystic Blast
   163 | D        | Learned a level 2 spell: Searing Ray
   168 | D        | Learned a level 4 spell: Force Lance
   360 | D        | Reached ** piety under Sif Muna
   408 | D        | Noticed a hungry ghost
   408 | D        | Noticed an ogre
   411 | D        | Noticed a gnoll sergeant
   415 | D        | Noticed an ice beast
   429 | D        | Killed a hungry ghost
   429 | D        | Reached skill level 5 in Staves
   429 | D        | Reached skill level 7 in Spellcasting
   429 | D        | Reached skill level 5 in Evocations
   429 | D        | Reached XP level 5. HP: 21/28 MP: 7/17
   430 | D        | Killed an ogre
   430 | D        | Reached *** piety under Sif Muna
   430 | D        | Reached skill level 8 in Spellcasting
   430 | D        | Reached XP level 6. HP: 25/32 MP: 6/19
   442 | D        | Killed an ice beast
   442 | D        | Reached skill level 9 in Spellcasting
   442 | D        | Reached XP level 7. HP: 24/36 MP: 2/21
   646 | D        | Reached **** piety under Sif Muna
   674 | D        | Killed an unseen horror
   674 | D        | Reached skill level 10 in Spellcasting
   674 | D        | Reached XP level 8. HP: 28/41 MP: 14/24
   832 | D        | Learned a level 1 spell: Magic Dart
   832 | D        | Noticed Ijyb
   832 | D        | Noticed a sea snake
   839 | D        | Killed a sea snake
   839 | D        | Reached ***** piety under Sif Muna
   839 | D        | Identified Sif Muna's Compendium of a Million Runes (Sif Muna gifted it to you in the Dungeon)
   839 | D        | Received a gift from Sif Muna
   839 | D        | Reached skill level 10 in Dodging
   839 | D        | Reached skill level 11 in Spellcasting
   839 | D        | Reached skill level 10 in Conjurations
   841 | D        | Killed Ijyb
   853 | D        | Learned a level 7 spell: Spellforged Servitor
  1063 | D        | Noticed an orc knight
  1076 | D        | Killed an orc knight
  1076 | D        | Reached skill level 12 in Spellcasting
  1076 | D        | Reached skill level 10 in Evocations
  1076 | D        | Reached XP level 9. HP: 45/45 MP: 3/27
  1331 | D        | Identified Sif Muna's Papyrus of Good Luck and the Glacier (Sif Muna gifted it to you in the Dungeon)
  1331 | D        | Received a gift from Sif Muna
  1333 | D        | Reached skill level 10 in Staves
  1333 | D        | Reached skill level 13 in Spellcasting
  1355 | D        | Learned a level 4 spell: Throw Icicle
  1361 | D        | Learned a level 5 spell: Iskenderun's Battlesphere
  1461 | D        | Noticed a yaktaur
  1468 | D        | Killed a yaktaur
  1545 | D        | Noticed a phantasmal warrior
  1551 | D        | Annihilated by a phantasmal warrior

Vault maps used:
D:        pitsprint

Skill      XL: |  1  2  3  4  5  6  7  8  9 |
---------------+----------------------------+-----
Staves         | 3 5 6 7 9 10 | 10.3
Dodging        | 5 7 8 9 11 12 | 12.4
Spellcasting   | 6 7 8 9 10 12 13 | 13.4
Conjurations   | 6 7 8 9 10 12 | 12.0
Evocations     | 4 5 6 7 8 10 11 | 11.3
Stealth        | |  2.4

Action                   |  1- 3 |  4- 6 |  7- 9 || total
-------------------------+-------+-------+-------++-------
Melee: Staff             |       |       |     2 ||     2
 Cast: Magic Dart        |     5 |     1 |     2 ||     8
       Searing Ray       |       |     7 |     9 ||    16
       Iskenderun's Myst |       |     3 |    18 ||    21
       Force Lance       |       |     2 |    12 ||    14
       Throw Icicle      |       |       |     4 ||     4
       Iskenderun's Batt |       |       |     2 ||     2
Evoke: Staff of energy   |       |       |     7 ||     7
  Use: Potion            |       |     2 |     5 ||     7
       Scroll            |       |     1 |     3 ||     4
  Eat: Meat ration       |       |     2 |     2 ||     4
Armor: Robe              |       |     3 |     4 ||     7
Dodge: Dodged            |       |    19 |    36 ||    55

Table legend:
 A = Spawn XP
 B = Non-spawn XP
 C = Spawn XP percentage of total XP
 D = Spawn monster count
 E = Non-spawn monster count
 F = Spawn count percentage of total count
 G = Total turns spent on level
                    A         B        C        D         E        F      G
               +---------+---------+-------+---------+---------+-------+---------
         Total |       0 |    5202 |   0.0 |       0 |      43 |   0.0 |  1551
               +---------+---------+-------+---------+---------+-------+---------
             D |       0 |    5202 |   0.0 |       0 |      43 |   0.0 |  1551
               +---------+---------+-------+---------+---------+-------+---------
